 Dungeon Crawl Stone Soup version 0.18.1-6-gd335043 (webtiles) character file.

130 zeroDi the Sneak (level 5, -5/26 HPs)
             Began as a Vine Stalker Assassin on May 20, 2016.
             Killed from afar by an orc wizard (10 damage)
             ... with a puff of flame
             ... on level 2 of the Dungeon.
             The game lasted 00:03:59 (1840 turns).

zeroDi the Sneak (Vine Stalker Assassin)            Turns: 1840, Time: 00:04:00

Health: -5/26      AC:  3    Str: 14    XL:     5   Next: 14%
Magic:  0/6        EV: 11    Int: 11    God:
Gold:   78         SH:  0    Dex: 16    Spells: 0 memorised, 4 levels left

rFire  . . .     SeeInvis .     a - +2 dagger
rCold  . . .     Gourm    .     c - +0 robe
rNeg   . . .     Faith    .     (no shield)
rPois  .         Spirit   +     (no helmet)
rElec  .         Dismiss  .     d - +0 cloak
rCorr  .         Reflect  .     (no gloves)
SustAt .         Harm     .     (no boots)
MR     .....                    (no amulet)
Stlth  +++.......               (no ring)
                                (no ring)

@: not resistant to hostile enchantments, fairly stealthy
A: fangs 2, regeneration 1, magic shield, antimagic bite, no device heal 3, rot
immunity
a: no special abilities


You were on level 2 of the Dungeon.
You were hungry.

You visited 1 branch of the dungeon, and saw 3 of its levels.

You collected 78 gold pieces.


Innate Abilities, Weirdness & Mutations

You have extremely sharp teeth.
Your natural rate of healing is unusually fast.
When hurt, damage is shared between your health and your magic reserves.
Your bite disrupts and absorbs the magic of your enemies.
Potions and wands cannot restore your health.
You are immune to rotting.


   Skills:
 - Level 1.7 Fighting
 + Level 4.6 Short Blades
 - Level 1.7 Throwing
 - Level 0.7 Dodging
 - Level 4.8 Stealth


You had 4 spell levels left.
You didn't know any spells.

Inventory:

Hand Weapons
 a - a +2 dagger (weapon)
 b - a +0 blowgun
Missiles
 e - 8 poisoned needles
 f - 2 curare-tipped needles {=f}
Armour
 c - a +0 robe (worn)
 d - a +0 cloak (worn)
 u - a +1 cloak
Jewellery
 h - an uncursed ring of see invisible {unknown}
 o - a cursed ring of loudness {unknown}
 x - an uncursed ring of protection from cold {unknown}
Scrolls
 l - 2 scrolls of enchant weapon {unknown}
 m - a scroll of blinking {unknown}
 q - a scroll of teleportation {unknown}
 r - 2 scrolls of remove curse {unknown}
 s - a scroll of magic mapping {unknown}
 t - a scroll of fog {unknown}
 w - a scroll of noise {unknown}
Potions
 i - a potion of curing {unknown}
 j - a potion of degeneration {unknown}
 k - a potion of resistance {unknown}
 n - a potion of might {unknown}
 p - a potion of agility {unknown}
Comestibles
 g - 4 bread rations
 z - a slice of pizza

Dungeon Overview and Level Annotations

Branches:
Dungeon (3/15)

Altars:
Ashenzari
Cheibriados
Dithmenos
Fedhas
Yredelemnul

#.#.###.###### #.#.#
##.........##########
#.#.#
...........'.......<#
#.#.#
####.#.....##########
#.#.#
.........)..)..#
#.#.#
.###.#########.#
#.#.# ..##.# #.#
#...# ..##.#
#{##########.##
..##.#
#..@..........#
..##.#
##################.##
..##.#
#...)...........##.#
...#.#
#.#############.##.#
'#.#.#
#.#...........)..#.#
.....#
#.#.#####..##.#.##.#
..#..#
#.#...........#.##.#
..#..#
#.#######..####.##.#
..#..# #..........#
#.##.#


There were no monsters in sight!


Message History

Something hits you.
* * * LOW HITPOINT WARNING * * *
You barely miss something. Something hits you but does no damage.
You hit something. You bite something. You drain its magic. Something hits you.
You hit something. You bite something. Something hits you.
* * * LOW HITPOINT WARNING * * *
You miss something. Something hits you but does no damage.
You hit something but do no damage. Something hits you.
* * * LOW HITPOINT WARNING * * *
Something hits you.
* * * LOW HITPOINT WARNING * * *
You hit something but do no damage. Something hits you.
* * * LOW HITPOINT WARNING * * *
Something hits you.
* * * LOW HITPOINT WARNING * * *
Something hits you but does no damage.
You hear some strange, mumbled words.
A puff of flame appears from out of thin air!
The puff of flame hits you!
You die...

Action                   |  1- 3 |  4- 6 || total
-------------------------+-------+-------++-------
Melee: Dagger            |    77 |    64 ||   141
       Bite              |    13 |    16 ||    29
 Stab: Sleeping          |    11 |     3 ||    14
  Eat: Chunk             |       |     2 ||     2
Armor: Robe              |    10 |    11 ||    21
Dodge: Dodged            |    30 |    28 ||    58

Vault maps used:
D:1:      shiori_arrival_oz
D:2:      marbit_many_paths, fedhas_altar_3, lemuel_doored_altar, uniq_jessica
D:3:      nicolae_overflow_crystal_walls, yredelemnul_altar_generic,
          dk_noncrumbling_4, uniq_purgy

Notes
Turn   | Place    | Note
--------------------------------------------------------------
     0 | D:1      | zeroDi the Vine Stalker Assassin began the quest for the Orb.
     0 | D:1      | Reached XP level 1. HP: 11/11 MP: 2/2
     6 | D:1      | Reached skill level 2 in Short Blades
    54 | D:1      | Reached XP level 2. HP: 15/15 MP: 3/3
   353 | D:1      | Reached skill level 3 in Short Blades
   386 | D:1      | Reached XP level 3. HP: 17/18 MP: 4/4
   699 | D:2      | Found a blossoming altar of Fedhas.
   813 | D:2      | You fall through a shaft!
   815 | D:3      | Found a shattered altar of Ashenzari.
   819 | D:3      | Found a basalt altar of Yredelemnul.
  1075 | D:2      | Reached XP level 4. HP: 18/23 MP: 3/5
  1192 | D:2      | Noticed Jessica
  1200 | D:2      | Killed Jessica
  1200 | D:2      | Reached skill level 4 in Short Blades
  1305 | D:2      | Found a shadowy altar of Dithmenos.
  1615 | D:2      | Found a snail-covered altar of Cheibriados.
  1817 | D:2      | Reached XP level 5. HP: 18/26 MP: 6/6
  1840 | D:2      | Killed from afar by an orc wizard

Vanquished Creatures
  An orc priest (D:2)
  Jessica (D:2)
  2 adders
  An ooze (D:1)
  2 giant geckos
  3 orcs (D:2)
  4 bats
  A giant cockroach (D:1)
  6 goblins
  8 hobgoblins
  3 quokkas
  A ball python (D:2)
  2 giant newts
  9 kobolds
  4 rats
48 creatures vanquished.
